 Dungeon Crawl Stone Soup version 0.23.2-40-g277498a001 (webtiles) character file.

Game seed: 1496908154398421624

74 Kikorro the Skirmisher (level 4, -3/40 HPs)
             Began as a Draconian Fighter on Sept 8, 2019.
             Slain by Natasha (7 damage)
             ... on level 2 of the Dungeon.
             The game lasted 00:04:23 (1315 turns).

Kikorro the Skirmisher (Draconian Fighter)          Turns: 1315, Time: 00:04:24

Health: -3/40      AC:  5    Str: 17 (19) XL:     4   Next: 9%
Magic:  4/4        EV: 10    Int:  7 (8)  God:
Gold:   112        SH:  8    Dex:  8 (11) Spells: 3/3 levels left

rFire    . . .     SeeInvis .   a - +0 long sword
rCold    . . .     Gourm    .   b - +0 shield
rNeg     . . .     Faith    .   (armour unavailable)
rPois    .         Spirit   .   m - +0 hat
rElec    .         Reflect  .   (no cloak)
rCorr    .         Harm     .   (no gloves)
MR       .....                  (no boots)
Stlth    +.........             (no amulet)
HPRegen  0.13/turn              (no ring)
MPRegen  0.09/turn              (no ring)

@: no status effects
A: unfitting armour, cold-blooded, AC +5
a: no special abilities


You were on level 2 of the Dungeon.
You were hungry.

You visited 1 branch of the dungeon, and saw 2 of its levels.

You collected 112 gold pieces.

Inventory:

Hand Weapons
 a - a +0 long sword (weapon)
Armour
 b - a +0 shield (worn)
 m - a +0 hat (worn)
Jewellery
 n - a cursed ring of attention {unknown}
Scrolls
 j - 2 scrolls of immolation
 k - a scroll of fear {unknown}
Potions
 c - a potion of might
 e - a potion of curing
 g - 2 potions of degeneration
 h - a potion of heal wounds {unknown}
 i - a potion of brilliance {unknown}
Comestibles
 d - 5 rations
 f - a chunk of flesh


   Skills:
 + Level 3.7 Fighting
 + Level 2.7 Long Blades
 + Level 3.3 Dodging
 + Level 3.7 Shields


You had 3 spell levels left.
You didn't know any spells.
Your spell library was empty.

Dungeon Overview and Level Annotations

Branches:
Dungeon (2/15)

Altars:
Wu Jian

Annotations:
D:2 Natasha


Innate Abilities, Weirdness & Mutations

Your plain brown scales are hard. (AC +5)
You cannot fit into any form of body armour.
You are cold-blooded and may be slowed by cold attacks.


Message History

Natasha, Servant of Life and Death comes into view.
Things that are here:
3 chunks of flesh; a jackal skeleton Natasha stares at you and mumbles some strange words.
The magic dart hits you.
* * * LOW HITPOINT WARNING * * *
You see here the felid corpse of Natasha.
Natasha casts a spell.
Things that are here:
3 chunks of flesh; a jackal skeleton The iron imp shouts!
You hear a shout! x2
Natasha howls an incantation.
You feel troubled.
An adder comes into view.
The adder hisses angrily.
Natasha stares at you and mumbles some strange words.
The magic dart hits you!
* * * LOW HITPOINT WARNING * * *
You completely miss Natasha. Natasha claws you!
You die...

###.....[...##
#.........
#...#.#...#
#.........
#####.._....#
#.......... ..
###.#...#
#...###....
#.##.!....####...#
#....
#..†%†.......#...
#....
#..$.........####
#....
#............#
##.....@.....#
.........h......
#.#..............
# #.........5....
#........$.....
#.......###S...
######### .... ...


You could see an iron imp, Natasha and an adder.

Vanquished Creatures
  Natasha (D:2)
  2 adders (D:2)
  A dart slug (D:1)
  3 bats
  2 goblins (D:1)
  6 hobgoblins (D:1)
  3 jackals (D:2)
  3 frilled lizards (D:1)
  3 kobolds
  7 rats
31 creatures vanquished.

Notes
Turn   | Place    | Note
-------+----------+-------------------------------------------
     0 | D:1      | Kikorro the Draconian Fighter began the quest for the Orb.
     0 | D:1      | Reached XP level 1. HP: 19/19 MP: 1/1
   469 | D:1      | Reached XP level 2. HP: 22/26 MP: 2/2
   974 | D:2      | Reached XP level 3. HP: 8/33 MP: 3/3
  1260 | D:2      | Found an ornate altar of the Wu Jian Council.
  1300 | D:2      | Noticed Natasha
  1305 | D:2      | Killed Natasha
  1305 | D:2      | Reached XP level 4. HP: 14/40 MP: 4/4
  1309 | D:2      | Noticed Natasha
  1315 | D:2      | Slain by Natasha

Skill      XL: |  1  2 |
---------------+-------+-----
Dodging        | 3 |  3.3
Fighting       | |  3.7
Long Blades    | |  2.7
Shields        | |  3.7

Action                   |  1- 3 |  4- 6 || total
-------------------------+-------+-------++-------
Melee: Long sword        |   107 |     3 ||   110
       Tailslap          |    10 |     1 ||    11
  Use: Scroll            |     4 |       ||     4
       Potion            |     2 |       ||     2
  Eat: Chunk             |     1 |       ||     1
Armor: Skin              |    30 |       ||    30
Dodge: Dodged            |    45 |     2 ||    47
Block: Shield            |    72 |     1 ||    73
       Rpst.: Long sword |    17 |     1 ||    18
